 Dungeon Crawl Stone Soup version 0.31-a0-437-g7cee417757 (webtiles) character file.

Game seed: 6135407498990574331

69 Ethylacetat the Insei (level 4, 0/24 HPs)
             Began as a Vine Stalker Monk on Aug 2, 2023.
             Slain by a kobold
             ... wielding a +0 whip
              (1 damage)
             ... on level 2 of the Dungeon.
             The game lasted 00:01:47 (939 turns).

Ethylacetat the Insei (Vine Stalker Monk)            Turns: 939, Time: 00:01:48

Health: 0/24       AC:  2    Str: 13    XL:     4   Next: 20%
Magic:  0/5        EV: 13    Int: 16    God:
Gold:   48         SH:  0    Dex: 19    Spells: 3/3 levels left

rFire   . .          .
                       - Unarmed
rCold   . . .        c - orb {light}
rNeg    . . .        a - +0 robe
rPois   .            (no helmet)
rElec   .            (no cloak)
rCorr   .            (no gloves)
SInv    .            (no boots)
Will    .....        (no amulet)
Stlth   +            g - +6 ring of intelligence
HPRegen 1.04/turn    (no ring)
MPRegen 0.09/turn

%: guardian spirit
@: lethally poisoned (0 -> -2), glowing
A: fangs 2, regeneration 1, magic shield, antimagic bite, no potion heal 2
a: no special abilities


You were on level 2 of the Dungeon.
You visited 1 branch of the dungeon, and saw 2 of its levels.

You collected 48 gold pieces.

Inventory:

Missiles
 j - 2 throwing nets
Armour
 a - a +0 robe (worn)
 c - an orb of light (worn)
Jewellery
 g - a +6 ring of intelligence (left hand)
Scrolls
 d - a scroll of revelation {unknown}
 e - a scroll of fog {unknown}
 f - a scroll of fear {unknown}
 h - 2 scrolls of vulnerability {unknown}
 k - a scroll of noise {unknown}
 l - a scroll of butterflies {unknown}
Potions
 b - a potion of ambrosia
 i - 2 potions of cancellation {unknown}


   Skills:
 + Level 3.4 Fighting
 - Level 3.0 Dodging
 * Level 3.7 Unarmed Combat
 + Level 0.1 Spellcasting


You had 3 spell levels left.
You didn't know any spells.
Your spell library was empty.

Dungeon Overview and Level Annotations

Branches:
Dungeon (2/15)

Altars:


Innate Abilities, Weirdness & Mutations

You have extremely sharp teeth.
Your natural rate of healing is unusually fast.
When hurt, damage is shared between your health and your magic reserves.
Your bite disrupts and absorbs the magic of your enemies.
Potions cannot restore your health.


Message History

A kobold comes into view. It is wielding a +0 whip.
The kobold shouts!
You hit the adder. You bite the adder. You drain its power.
You feel invigorated.
The adder is heavily wounded.
You feel sick. The adder bites you.
You are more poisoned.
The adder poisons you! The hobgoblin closely misses you.
You hit the adder. Your bite misses the adder.
The adder is severely wounded.
You feel sick. The adder bites you. The hobgoblin barely misses you.
You hit the adder.
The adder is almost dead.
You feel sick. The adder bites you.
You are more poisoned.
The adder poisons you!
The hobgoblin hits you but does no damage.
The adder bites you but does no damage.
You closely miss the adder. Your bite misses the adder.
The adder is almost dead.
You feel sick. The adder bites you.
You are more poisoned.
The adder poisons you!
The hobgoblin hits you but does no damage.
You are too injured to fight recklessly!
You are too injured to fight recklessly!
You are too injured to fight recklessly!
You are too injured to fight recklessly!
You barely miss the adder. You bite the adder.
You kill the adder!
You feel very sick.
You hit the hobgoblin but do no damage. Your bite misses the hobgoblin.
You feel very sick. The hobgoblin hits you.
* * * LOW HITPOINT WARNING * * *
Okay, then.
You hit the kobold but do no damage.
You feel sick. The hobgoblin hits you.
* * * LOW HITPOINT WARNING * * *
The kobold hits you with a +0 whip.
You die...

### ## #.. .# #.# .#####
#### #.##.....### ...###
#...#.......
#....########.........##
................@K.....#
...#.#.....###..#g.#....
.#...#.#...# #........ .
..<..#...### ###.#.#.#.#
####.....# ...# #
+...### ##.# #...# .#
#...### # #####...#


You could see a hobgoblin and a kobold.

Vanquished Creatures
  3 adders (D:2)
  A dart slug (D:2)
  3 bats (D:1)
  4 endoplasms (D:1)
  2 giant cockroaches (D:1)
  5 goblins (D:1)
  7 hobgoblins
  A quokka (D:2)
  A ball python (D:1)
  3 frilled lizards (D:1)
  2 kobolds
  6 rats
38 creatures vanquished.

Notes
Turn   | Place    | Note
-------+----------+-------------------------------------------
     0 | D:1      | Ethylacetat the Vine Stalker Monk began the quest for the
                  | Orb.
     0 | D:1      | Reached XP level 1. HP: 11/11 MP: 2/2
    41 | D:1      | Found a faded altar of an unknown god.
   142 | D:1      | Reached XP level 2. HP: 16/16 MP: 3/3
   342 | D:1      | Reached XP level 3. HP: 18/20 MP: 4/4
   721 | D:2      | HP: 1/20 [hobgoblin/+0 falchion (2)]
   865 | D:2      | Gained mutation: Your natural rate of healing is unusually
                  | fast. [Vine Stalker growth]
   865 | D:2      | Reached XP level 4. HP: 24/24 MP: 5/5
   939 | D:2      | HP: 1/24 [hobgoblin (4)]
   939 | D:2      | Slain by a kobold

Illustrated notes

Levels and vault maps discovered:
D:1:      dpeg_arrival_solitude, layout_basic,
          hellmonk_ecumenical_altar_blasted, minmay_tetromino_o4
D:2:      layout_basic, minmay_quantized

Skill      XL: |  1  2  3 |
---------------+----------+-----
Fighting       | 3 |  3.4
Dodging        | 3 |  3.0
Unarmed Combat | |  3.7
Spellcasting   | |  0.1

Action                     |  1- 3 |  4- 6 || total
---------------------------+-------+-------++-------
  Melee: Unarmed           |    87 |     9 ||    96
         Bite              |    22 |     3 ||    25
 Armour: Robe              |    18 |     3 ||    21
  Dodge: Dodged            |    54 |     2 ||    56

Table legend: (Time is in decaauts)
 A = Elapsed time spent in this place.
 B = Non-inter-level travel time spent in this place.
 C = Inter-level travel time spent in this place.
 D = Time resting spent in this place.
 E = Time spent auto-exploring this place.
 F = Levels seen in this place.
 G = Mean time per level.
                   A        B        C        D        E       F      G
               +--------+--------+--------+--------+--------+-----+--------+
         Total |    932 |    915 |     17 |     34 |    685 |   2 |  466.0 |
       Dungeon |    932 |    915 |     17 |     34 |    685 |   2 |  466.0 |
               +--------+--------+--------+--------+--------+-----+--------+

Top non-repeatable levels by time:
     D:1: 600 daAuts
     D:2: 332 daAuts
